 Dungeon Crawl Stone Soup version 0.18.1-48-g4cf74bf (webtiles) character file.

499 Mesmaeker13 the Caller (level 6, -5/41 HPs)
             Began as a Demonspawn Summoner on June 30, 2016.
             Was an Initiate of Okawaru.
             Slain by an ice beast (9 damage)
             ... on level 5 of the Dungeon.
             The game lasted 00:16:48 (6167 turns).

Mesmaeker13 the Caller (Demonspawn Summoner)        Turns: 6167, Time: 00:16:49

Health: -5/41      AC: 11    Str: 10    XL:     6   Next: 94%
Magic:  25/27      EV: 20    Int: 16    God:    Okawaru [......]
Gold:   150        SH:  0    Dex: 19    Spells: 3 memorised, 3 levels left

rFire  . . .     SeeInvis .     u - +1 dagger (protect)
rCold  . . .     Gourm    .     B - +0 leather armour
rNeg   . . .     Faith    .     (no shield)
rPois  .         Spirit   .     (helmet restricted)
rElec  .         Dismiss  .     (no cloak)
rCorr  .         Reflect  .     d - +1 pair of gloves
SustAt .         Harm     .     (no boots)
MR     .....                    (no amulet)
Stlth  +++.......               t - ring of magical power
                                h - ring of magical power

@: agile, not resistant to hostile enchantments, fairly stealthy
A: antennae 1, molten scales 1
a: Renounce Religion


You were on level 5 of the Dungeon.
You worshipped Okawaru.
Okawaru was noncommittal.
You were not hungry.

You visited 2 branches of the dungeon, and saw 6 of its levels.

You collected 150 gold pieces.

Inventory:

Hand Weapons
 j - a +2 dagger of venom
 u - a +1 dagger of protection (weapon)
Missiles
 z - 8 steel javelins (quivered)
Armour
 d - a +1 pair of gloves (worn)
 q - a cursed +0 buckler
 B - a +0 leather armour (worn)
 C - a +0 scale mail
Jewellery
 h - a ring of magical power (left hand)
 t - a ring of magical power (right hand)
 x - an uncursed ring of ice
Wands
 a - a wand of acid (7/15)
 i - a wand of teleportation (5/9)
Scrolls
 e - a scroll of enchant weapon
 g - 2 scrolls of recharging
 m - a scroll of blinking {unknown}
 r - 3 scrolls of noise {unknown}
 y - a scroll of random uselessness {unknown}
 A - a scroll of teleportation {unknown}
Potions
 f - a potion of invisibility {unknown}
 l - a potion of heal wounds {unknown}
 o - 2 potions of agility
 p - a potion of might {unknown}
 s - 4 potions of brilliance
 v - 2 potions of resistance {unknown}
 w - 2 potions of curing {unknown}
Books
 b - a book of Callings

   Spells                             Type                      Level
   a - Summon Small Mammal            Summoning                    1
   b - Call Imp                       Summoning                    2
   c - Call Canine Familiar           Summoning                    3
   d - Summon Guardian Golem          Hexes/Summoning              3
   e - Summon Lightning Spire         Summoning/Air                4
   f - Summon Ice Beast               Ice/Summoning                4
Comestibles
 c - 4 bread rations
 k - 3 chunks of flesh
 n - 2 meat rations


   Skills:
 + Level 5.1 Dodging
 - Level 1.7 Stealth
 - Level 2.0 Spellcasting
 + Level 6.4 Summonings


You had 3 spell levels left.
You knew the following spells:

 Your Spells              Type           Power        Failure   Level  Hunger
a - Summon Small Mammal   Summ           ###.         2%          1    #......
b - Call Imp              Summ           ###.....     3%          2    ###....
c - Call Canine Familiar  Summ           ###.....     10%         3    ###....


Dungeon Overview and Level Annotations

Branches:
Dungeon (5/15)             Temple (1/1) D:4

Altars:
Cheibriados
Dithmenos
Fedhas
Gozag
Kikubaaqudgha
Okawaru
Pakellas
Qazlal
Trog
Xom
Zin


Innate Abilities, Weirdness & Mutations

You have a pair of small antennae on your head.
You are partially covered in molten scales (AC +1).


Message History

You closely miss the ice beast.
The ice beast is severely wounded.
Your hound bites the ice beast but does no damage.
The ice beast hits your hound. The ice beast freezes your hound!
You hit the ice beast.
The ice beast is almost dead.
Your hound bites the ice beast but does no damage. x2
The ice beast hits you.
* * * LOW HITPOINT WARNING * * *
The ice beast freezes you.
* * * LOW HITPOINT WARNING * * *
Drink which item? (? for menu, Esc to quit)
Okay, then.
Drink which item? (? for menu, Esc to quit)
It was a potion of agility.
You feel agile all of a sudden.
Your hound bites the ice beast.
The ice beast hits you.
* * * LOW HITPOINT WARNING * * *
The ice beast freezes you!
You die...

#......#
#......#
#######'###
#.......##
#........+
#......###
#......#
+......+
###@h....#
#.#Y###### #...#
###### # #...#
...... #.#...#
......
#.##.<####.#
......
.......#.....#
......
#######.##.#####
......
.............#
######


You could see an ice beast and a friendly hound.

Vanquished Creatures
  2 phantoms (D:4)
  A hound (D:5)
  2 gnolls (D:5)
  5 adders
  A worm (D:3)
  2 giant geckos
  3 orcs (D:3)
  3 bats
  3 giant cockroaches
  8 goblins
  A hobgoblin (D:3)
  4 jackals
  4 kobolds (D:3)
  A ball python (D:1)
  3 giant newts
  A quokka skeleton (D:4)
  A rat (D:1)
45 creatures vanquished.

Vanquished Creatures (collateral kills)
  Sigmund (D:5)
  A phantom (D:4)
  A centaur skeleton (D:4)
  3 worker ants
  A gnoll (D:5)
  3 adders
  A worm (D:2)
  A dart slug (D:2)
  2 orcs (D:4)
  2 giant cockroaches
  5 goblins
  2 hobgoblins
  3 jackals
  A quokka (D:2)
  A bat (D:1)
  2 giant newts
  3 kobolds
  5 rats
38 creatures vanquished.

Grand Total: 83 creatures vanquished

Notes
Turn   | Place    | Note
--------------------------------------------------------------
     0 | D:1      | Mesmaeker13 the Demonspawn Summoner began the quest for the Orb.
     0 | D:1      | Reached XP level 1. HP: 13/13 MP: 3/3
  1066 | D:1      | Gained mutation: You have a pair of small antennae on your head. [demonic ancestry]
  1066 | D:1      | Reached XP level 2. HP: 15/19 MP: 3/5
  1453 | D:2      | Learned a level 2 spell: Call Imp
  2054 | D:2      | Gained mutation: You are partially covered in molten scales (AC +1). [demonic ancestry]
  2054 | D:2      | Reached XP level 3. HP: 20/24 MP: 6/6
  2877 | D:3      | Learned a level 3 spell: Call Canine Familiar
  2887 | D:3      | Found a shadowy altar of Dithmenos.
  3077 | D:3      | Found an oddly glowing altar of Pakellas.
  3354 | D:3      | Reached XP level 4. HP: 24/30 MP: 7/7
  4411 | D:3      | Reached skill level 5 in Summonings
  4497 | D:4      | Found a staircase to the Ecumenical Temple.
  4510 | D:4      | Noticed a phantom
  4521 | D:4      | Noticed a phantom
  4546 | D:4      | Killed a phantom
  4546 | D:4      | Reached XP level 5. HP: 17/35 MP: 8/8
  4598 | D:4      | Killed a phantom
  4813 | D:4      | Noticed a phantom
  4845 | D:4      | Killed a phantom
  4845 | D:4      | Reached XP level 6. HP: 31/41 MP: 9/9
  5114 | Temple   | Entered the Ecumenical Temple
  5226 | Temple   | Became a worshipper of Warmaster Okawaru
  5267 | D:5      | Entered Level 5 of the Dungeon
  5347 | D:5      | Reached skill level 6 in Summonings
  5621 | D:5      | Noticed Sigmund
  5637 | D:5      | Killed Sigmund
  5637 | D:5      | Reached skill level 5 in Dodging
  6145 | D:5      | Noticed an ice beast
  6167 | D:5      | Slain by an ice beast

Skill      XL: |  1  2  3  4  5  6 |
---------------+-------------------+-----
Dodging        | 2 3 4 5 |  5.1
Summonings     | 5 6 |  6.4
Stealth        | |  1.7
Spellcasting   | |  2.0

Action                   |  1- 3 |  4- 6 || total
-------------------------+-------+-------++-------
Melee: Unarmed           |    29 |       ||    29
       Club              |    10 |       ||    10
       Dagger            |   105 |   217 ||   322
 Cast: Summon Small Mamm |    26 |    22 ||    48
       Call Imp          |     8 |     6 ||    14
       Call Canine Famil |       |    11 ||    11
  Use: Scroll            |     4 |     3 ||     7
       Potion            |       |     1 ||     1
 Stab: Distracted        |       |     3 ||     3
       Sleeping          |       |     1 ||     1
  Eat: Chunk             |     2 |    13 ||    15
       Meat ration       |     1 |       ||     1
Armor: Robe              |    47 |    13 ||    60
       Skin              |       |    11 ||    11
       Leather armour    |       |    43 ||    43
Dodge: Dodged            |   116 |   160 ||   276
